 Dungeon Crawl Stone Soup version 0.29-a0-90-gc37658a0fe (webtiles) character file.

Game seed: 16017965014397693363

49 Gargoyl the Skirmisher (level 3, -3/24 HPs)
             Began as a Gargoyle Abyssal Knight on Feb 6, 2022.
             Was an Initiate of Lugonu.
             Slain by an iguana (10 damage)
             ... on level 2 of the Dungeon.
             The game lasted 00:00:57 (1579 turns).

Gargoyl the Skirmisher (Gargoyle Abyssal Knight)    Turns: 1579, Time: 00:00:57

Health: -3/24      AC: 12    Str: 18    XL:     3   Next: 77%
Magic:  4/4        EV:  7    Int: 10    God:    Lugonu [......]
Gold:   45         SH:  0    Dex: 10    Spells: 2/2 levels left

rFire   . . .      SeeInvis .   a - +1 hand axe
rCold   . . .      Faith    .   (no shield)
rNeg    + . .      Spirit   .   c - +0 chain mail
rPois   ∞          Reflect  .   (no helmet)
rElec   +          Harm     .   (no cloak)
rCorr   .          Rampage  .   (no gloves)
Will    .....                   (no boots)
Stlth   ..........              (no amulet)
HPRegen 0.08/turn               (no ring)
MPRegen 0.09/turn               (no ring)

@: no status effects
A: sickness immunity, AC +3, negative energy resistance 1, electricity
resistance, torment resistance 1, petrification resistance
a: Renounce Religion


You were on level 2 of the Dungeon.
You worshipped Lugonu.
Lugonu was noncommittal.
You visited 1 branch of the dungeon, and saw 2 of its levels.
You visited the Abyss 1 time.

You collected 45 gold pieces.

Inventory:

Hand Weapons
 a - a +1 hand axe (weapon)
Armour
 c - a +0 chain mail (worn)
Scrolls
 g - a scroll of immolation
Potions
 b - a potion of magic
 d - 2 potions of degeneration {unknown}


   Skills:
 + Level 4.5 Fighting
 + Level 2.0 Axes
 + Level 2.8 Armour
 + Level 0.7 Dodging
 + Level 2.0 Invocations


You had 2 spell levels left.
You didn't know any spells.
Your spell library was empty.

Dungeon Overview and Level Annotations

Branches:
Dungeon (2/15)

Altars:


Innate Abilities, Weirdness & Mutations

You are immune to sickness and miasma.
Your stone body is resilient. (AC +3)
You are immune to poison.
You resist negative energy. (rN+)
You are resistant to electric shocks. (rElec)
You are resistant to unholy torment.
You are immune to petrification.


Message History

You hit the adder but do no damage.
The adder bites you but does no damage. x2
You hit the adder.
The adder is heavily wounded.
The adder closely misses you.
You miss the adder.
The adder is heavily wounded.
The adder bites you but does no damage. x2
You hit the adder.
The adder is severely wounded.
The adder closely misses you.
You hit the adder.
You kill the adder!
Lugonu accepts your kill.
You start waiting.
Done waiting.
There is a stone staircase leading down here.
You climb downwards.
The iguana bites you but does no damage.
The iguana bites you.
There is a stone staircase leading up here.
You hit the iguana.
The iguana is lightly wounded.
The iguana barely misses you.
You hit the iguana but do no damage.
The iguana is lightly wounded.
The iguana bites you!
You hit the iguana but do no damage.
The iguana is lightly wounded.
The iguana bites you.
You hit the iguana.
The iguana is moderately wounded.
The iguana barely misses you. The iguana closely misses you.
You barely miss the iguana.
The iguana is moderately wounded.
The iguana bites you.
* * * LOW HITPOINT WARNING * * *
You hit the iguana.
The iguana is heavily wounded.
The iguana bites you!
You die...

## ##.# ###.#.# .....#.###
.........####### #####
...............###...#####
#.....##....##............
.....###....##..##...##.##
#.## #.........@###.## #
#..........l...# #.#
#..........##### #..
####...#...# #.# #...#..##
#.# #..†...# #.##
###.###..# ##.. ..> #..#
.#.### #.###..#


You could see an iguana.

Vanquished Creatures
  Natasha (D:2)
  An adder (D:1)
  2 dart slugs (D:1)
  3 ball pythons
  2 quokkas
  2 bats
  A frilled lizard (D:1)
  A kobold (D:1)
13 creatures vanquished.

Notes
Turn   | Place    | Note
-------+----------+-------------------------------------------
     0 | Abyss:1  | Gargoyl the Gargoyle Abyssal Knight began the quest for the
                  | Orb.
     0 | Abyss:1  | Reached XP level 1. HP: 14/14 MP: 2/2
    53 | Abyss:1  | Noticed an ancient zyme
    55 | D:1      | Escaped the Abyss
   728 | D:1      | Reached XP level 2. HP: 20/20 MP: 3/3
  1334 | D:2      | Noticed Natasha
  1343 | D:2      | Killed Natasha
  1344 | D:2      | Reached skill level 4 in Fighting
  1344 | D:2      | Reached XP level 3. HP: 17/24 MP: 4/4
  1579 | D:2      | Slain by an iguana

Illustrated notes

Levels and vault maps discovered:
D:1:      roderic_octagonal_star, layout_loops_ring, minmay_misc_feat_doors
D:2:      layout_loops_ring, hangedman_glass_teeth, minmay_small_reverse_x,
          uniq_crazy_yiuf_cottage, uniq_natasha

Skill      XL: |  1  2 |
---------------+-------+-----
Axes           | 2 |  2.0
Fighting       | 4 |  4.5
Armour         | |  2.8
Dodging        | |  0.7
Invocations    | |  2.0

Action                   || total
-------------------------++-------
Melee: Hand axe          ||    55
       Punch             ||     2
Invok: Depart the Abyss  ||     1
  Use: Scroll            ||     3
Armor: Chain mail        ||    38
       Leather armour    ||     1
Dodge: Dodged            ||    24

Table legend: (Time is in decaauts)
 A = Elapsed time spent in this place.
 B = Non-inter-level travel time spent in this place.
 C = Inter-level travel time spent in this place.
 D = Time resting spent in this place.
 E = Time spent auto-exploring this place.
 F = Levels seen in this place.
 G = Mean time per level.
                   A        B        C        D        E       F      G
               +--------+--------+--------+--------+--------+-----+--------+
         Total |   1590 |   1567 |     23 |    100 |   1270 |   3 |  530.0 |
       Dungeon |   1535 |   1512 |     23 |    100 |   1218 |   2 |  767.5 |
         Abyss |     55 |     55 |      0 |      0 |     52 |   1 |   55.0 |
               +--------+--------+--------+--------+--------+-----+--------+

Top non-repeatable levels by time:
     D:1: 1189 daAuts
     D:2: 345 daAuts
 Abyss:1: 55 daAuts
